 Dungeon Crawl Stone Soup version 0.32-a0-720-g1d96ad090f (webtiles) character file.

Game seed: 15969797741704948860

13516 Ajdolov the Bludgeoner (level 11, 0/132 (141) HPs)
             Began as an Armataur Berserker on Mar 16, 2024.
             Was a High Priest of Trog.
             Slain by Urug
             ... wielding a +1 double sword of holy wrath
              (14 damage)
             ... on level 9 of the Dungeon.
             The game lasted 00:21:51 (13659 turns).

Ajdolov the Bludgeoner (Armataur Berserker)        Turns: 13659, Time: 00:21:51

HP:   0/132 (141)   AC: 18    Str: 32    XL:     11   Next: 76%
MP:   0/3           EV: 11    Int:  8    God:    Trog [*****.]
Gold: 147           SH:  0    Dex:  9    Spells: 10/10 levels left

rFire   + + .        w - +6 whip "Starlight" {antimagic, rF+ Will++ Str+5}
rCold   . . .        (no shield)
rNeg    . . .        X - +3 chain mail {rPois}
rPois   +            N - +2 helmet
rElec   .            W - +2 cloak
rCorr   .            x - +0 pair of gloves
SInv    .            (no barding)
Will    ++...        L - amulet of guardian spirit Stlth
                     j - +5 ring of evasion
HPRegen 0.42/turn    A - ring of protection from fire
MPRegen 0.08/turn

%: guardian spirit, roll
@: berserking, drained, very quick
A: large, deformed body, tough skin 3, armoured tail, rollpage 2
a: Renounce Religion, Berserk, Trog's Hand, Brothers in Arms


You were on level 9 of the Dungeon.
You worshipped Trog.
Trog was extremely pleased with you.
You visited 2 branches of the dungeon, and saw 13 of its levels.
You also visited: Bailey.

You collected 808 gold pieces.
You spent 661 gold pieces at shops.

Inventory:

Hand Weapons
 w - the +6 whip "Starlight" (weapon) {antimagic, rF+ Will++ Str+5}
   (You bought it in a shop on level 2 of the Dungeon)

   Str+5:     It affects your strength (+5).
   rF+:       It protects you from fire.
   Will++:    It greatly increases your willpower.
 G - a +0 morningstar
Missiles
 e - 5 curare-tipped darts (quivered)
 O - 3 silver javelins
 P - 17 poisoned darts
 Q - 5 boomerangs
 S - 2 atropa-tipped darts
Armour
 x - a +0 pair of gloves (worn)
 N - a +2 helmet (worn)
 W - a +2 cloak (worn)
 X - a +3 chain mail of poison resistance (worn)
Jewellery
 j - a +5 ring of evasion (left hand)
 A - a ring of protection from fire (right hand)
 K - a ring of positive energy
 L - an amulet of guardian spirit (around neck)
 M - a +6 ring of strength
Wands
 q - a wand of digging (12)
 B - a wand of flame (33)
 E - a wand of quicksilver (15)
 F - a wand of roots (6)
Scrolls
 a - a scroll of silence {unknown}
 c - 10 scrolls of identify {unknown}
 d - 4 scrolls of revelation {unknown}
 g - 5 scrolls of amnesia {unknown}
 i - 2 scrolls of fear {unknown}
 k - 8 scrolls of teleportation
 n - 3 scrolls of fog {unknown}
 o - 2 scrolls of acquirement {unknown}
 r - 2 scrolls of blinking {unknown}
 s - 3 scrolls of noise {unknown}
 y - 3 scrolls of vulnerability {unknown}
 D - a scroll of poison {unknown}
 I - a scroll of immolation {unknown}
 R - a scroll of torment {unknown}
Potions
 b - 4 potions of heal wounds {unknown}
 f - 4 potions of curing
 h - 3 potions of attraction {unknown}
 l - 2 potions of resistance {unknown}
 m - 6 potions of haste {unknown}
 p - 6 potions of lignification {unknown}
 t - a potion of ambrosia {unknown}
 u - 4 potions of cancellation {unknown}
 v - a potion of berserk rage {unknown}
 z - 7 potions of magic {unknown}
 H - 3 potions of invisibility {unknown}
 J - a potion of enlightenment {unknown}
 T - 3 potions of brilliance {unknown}
 U - a potion of might {unknown}
 V - a potion of mutation {unknown}


   Skills:
 - Level 7.9 Fighting
 * Level 15.2 Maces & Flails
 - Level 2.4 Armour
 - Level 1.3 Dodging
 - Level 5.0 Evocations


You had 10 spell levels left.
You didn't know any spells.
Your spell library was empty.

Dungeon Overview and Level Annotations

Branches:
Dungeon (12/15)            Temple (0/1) D:5            Lair (1/5) D:9
    Orc (0/2) D:12         Bailey (visited)

Altars:
Dithmenos
Kikubaaqudgha
Okawaru
Xom
Yredelemnul
Beogh

Shops:
D:2 :(!**   D:12 ([

Portals:
Trove: D:11 (show slimy rune of Zot)

Annotations:
D:5 3 runed translucent doors, Necromancer21's ghost, novice CoHu
D:9 Urug


Innate Abilities, Weirdness & Mutations

Armour fits poorly on your strangely shaped body.
You have extremely tough skin. (AC +3)
You have a long armoured tail.
You regenerate magic and health when rolling toward enemies. (Rampage Regen)


Message History

You barely miss Urug.
Your tail-slap misses Urug.
Urug is lightly wounded.
You fail to use your ability.
Urug hits you with a +1 double sword of holy wrath!!
Unknown command.
You fail to use your ability.
Urug hits you with a +1 double sword of holy wrath!
Unknown command.
You fail to use your ability.
Urug hits you with a +1 double sword of holy wrath!
A red film seems to cover your vision as you go berserk!
You feel yourself moving faster!
You feel mighty!
Urug hits you with a +1 double sword of holy wrath!!
* * * LOW HITPOINT WARNING * * *
You barely miss Urug.
Your tail-slap misses Urug.
Urug is lightly wounded.
You closely miss Urug.
Urug is lightly wounded.
Urug hits you with a +1 double sword of holy wrath!!
* * * LOW HITPOINT WARNING * * *
You whack Urug!
Your tail-slap misses Urug.
Urug is moderately wounded.
You whack Urug!
Your tail-slap misses Urug.
Urug is heavily wounded.
Unknown command.
You are too berserk!
You hit Urug.
Urug is heavily wounded.
Urug hits you with a +1 double sword of holy wrath.
* * * LOW HITPOINT WARNING * * *
You completely miss Urug.
Urug is heavily wounded.
Unknown command.
You thrash Urug!!
Your tail-slap misses Urug.
Urug is almost dead.
You whack Urug!
Urug is almost dead.
Urug hits you with a +1 double sword of holy wrath!
You die...
Urug says, "One more harpy dead."

#...#...............>....#.....
#...##...................#.....
##.............##.....#........
##...................#.##.....
####...............##..#.....
#..........................
#..........................
#.......................##.
#.........@...##...........
###......o.....#........... ###
##.)..............÷÷#.#...
##.###...)...........#.#>#.#...
##..).....#..........####.#.....
#......##..........#.###..÷.....
###....#....#.....##.#....#.....
#.....).........##......##...#
##.<#.####......##.....###.#..


You could see Urug.

Vanquished Creatures
  A centaur warrior (D:12)
  Erica (D:8)
  A boulder beetle (D:12)
  2 two-headed ogres
  Sonja (D:11)
  A deep elf pyromancer (D:12)
  2 kobold demonologists
  An unseen horror (D:11)
  2 trolls
  2 hornets
  Prince Ribbit (D:5)
  Grinder (D:6)
  3 slime creatures (D:12)
  2 shadows (D:10)
  2 vampires (D:11)
  4 yaks (D:9)
  6 vampire mosquitoes (D:12)
  2 steam dragons (D:8)
  Edmund (D:5)
  An acid dragon (D:11)
  3 water moccasins
  9 orc warriors
  A sky beast (D:6)
  5 centaurs
  2 phantoms (D:5)
  4 bullfrogs
  2 kobold brigands
  3 gnoll sergeants
  4 scorpions
  11 wights
  6 killer bees (D:9)
  3 hounds
  A bombardier beetle (D:4)
  5 orc priests
  2 gnoll boudas
  3 jellies
  3 iguanas
  4 sleepcaps
  Jessica (D:3)
  10 orc wizards
  23 gnolls
  4 adders
  2 white imps
  3 dart slugs
  58 orcs
  8 ball pythons
  7 endoplasms
  3 giant cockroaches
  6 goblins
  6 hobgoblins
  3 jackals (D:1)
  17 kobolds
  3 quokkas
  3 bats
  3 frilled lizards
  5 rats
273 creatures vanquished.

Vanquished Creatures (others)
  A wight (D:8)
  A gnoll (D:11)
2 creatures vanquished.

Grand Total: 275 creatures vanquished

Notes
Turn   | Place    | Note
-------+----------+-------------------------------------------
     0 | D:1      | Ajdolov the Armataur Berserker began the quest for the Orb.
     0 | D:1      | Reached XP level 1. HP: 18/18 MP: 1/1
    88 | D:1      | Reached skill level 3 in Maces & Flails
   257 | D:1      | Reached XP level 2. HP: 16/25 MP: 2/2
   852 | D:2      | Reached XP level 3. HP: 25/30 MP: 3/3
  1031 | D:2      | Found Qoroacza's Antique Weapon Shoppe.
  1064 | D:2      | Found Tateulum's Assorted Antiques.
  1069 | D:2      | Reached ** piety under Trog
  1070 | D:2      | Reached skill level 4 in Maces & Flails
  1141 | D:2      | Found Leeckule's General Store.
  1149 | D:2      | Bought a potion of curing for 33 gold pieces
  1149 | D:2      | Bought a scroll of teleportation for 33 gold pieces
  1155 | D:2      | Found Woh Jug's Distillery.
  1289 | D:2      | Reached XP level 4. HP: 30/37 MP: 4/4
  1543 | D:2      | Found Atittip's Book Boutique.
  1940 | D:3      | Noticed Jessica
  1942 | D:3      | Reached skill level 5 in Maces & Flails
  1946 | D:3      | Killed Jessica
  1989 | D:3      | Reached XP level 5. HP: 42/42 MP: 5/5
  2176 | D:3      | Found a basalt altar of Yredelemnul.
  2424 | D:3      | Found an iron altar of Okawaru.
  2488 | D:3      | Found a faded altar of an unknown god.
  2628 | D:4      | Found a shadowy altar of Dithmenos.
  2937 | D:4      | Reached skill level 6 in Maces & Flails
  3086 | D:4      | Reached XP level 6. HP: 40/50 MP: 6/6
  3609 | D:4      | Reached *** piety under Trog
  3857 | D:2      | Bought a shimmering whip for 172 gold pieces
  3857 | D:2      | Identified the +6 whip "Starlight" {antimagic, rF+ Will++
                  | Str+5} (You bought it in a shop on level 2 of the Dungeon)
  4007 | D:5      | Entered Level 5 of the Dungeon
  4030 | D:5      | Found a staircase to the Ecumenical Temple.
  4049 | D:5      | Reached skill level 7 in Maces & Flails
  4411 | D:5      | Gained mutation: You regenerate magic and health when
                  | rolling toward enemies. (Rampage Regen) [Armataur growth]
  4411 | D:5      | Reached XP level 7. HP: 53/57 MP: 2/7
  4558 | D:5      | Found a runed translucent gate.
  4559 | D:5      | Found a runed translucent gate.
  4561 | D:5      | Found a runed translucent gate.
  4561 | D:5      | Noticed Necromancer21's ghost (novice CoHu)
  4563 | D:5      | Identified the +2 plate armour of Loiz {MP+9 Str+4 Int-4
                  | Stlth+}
  4679 | D:5      | Noticed Edmund
  4699 | D:5      | Killed Edmund
  4805 | D:5      | Reached skill level 8 in Maces & Flails
  4965 | D:5      | Noticed Prince Ribbit
  4975 | D:5      | Killed Prince Ribbit
  4976 | D:5      | Reached XP level 8. HP: 45/66 MP: 2/8
  5331 | D:5      | Found a roughly hewn altar of Beogh.
  5513 | D:6      | Reached skill level 9 in Maces & Flails
  5821 | D:6      | Noticed Grinder
  5827 | D:6      | Killed Grinder
  5828 | D:6      | Reached skill level 5 in Fighting
  5932 | D:6      | Identified the orb "Xocvor" {*channel, Tloc Fire}
  6312 | D:7      | Reached XP level 9. HP: 73/74 MP: 3/9
  6314 | D:7      | Reached skill level 10 in Maces & Flails
  6516 | D:7      | Reached **** piety under Trog
  7713 | D:8      | Reached skill level 11 in Maces & Flails
  7770 | D:8      | Noticed a kobold demonologist
  7780 | D:8      | Killed a kobold demonologist
  7820 | D:8      | Noticed Erica
  7833 | D:8      | Killed Erica
  7834 | D:8      | Reached XP level 10. HP: 35/86 MP: 3/10
  8390 | D:8      | Noticed a two-headed ogre
  8404 | D:8      | Killed a two-headed ogre
  8405 | D:8      | Reached skill level 12 in Maces & Flails
  8854 | D:8      | Reached ***** piety under Trog
  8937 | D:9      | Noticed a two-headed ogre
  8947 | D:9      | Killed a two-headed ogre
  8948 | D:9      | Reached skill level 1 in Evocations
  8948 | D:9      | Found a staircase to the Lair.
  9038 | D:9      | Reached skill level 13 in Maces & Flails
  9221 | D:9      | Found an ancient bone altar of Kikubaaqudgha.
  9944 | D:10     | Entered Level 10 of the Dungeon
 10049 | D:10     | Received a gift from Trog
 10178 | D:10     | Reached XP level 11. HP: 84/94 MP: 3/11
 10440 | D:10     | Found a flagged portal.
 10446 | Bailey   | Entered a bailey
 10833 | D:10     | Identified the +2 spear of the Illusory Coins {drain, rCorr
                  | Str+3}
 10887 | D:10     | Found a shimmering altar of Xom.
 11045 | D:11     | You fall into a shaft and drop 1 floor!
 11079 | D:12     | Noticed a centaur warrior
 11100 | D:12     | Killed a centaur warrior
 11652 | D:12     | Found Lussuv's Weapon Shoppe.
 11672 | D:12     | Reached skill level 14 in Maces & Flails
 11672 | D:12     | Reached skill level 5 in Evocations
 11701 | D:12     | Found a staircase to the Orcish Mines.
 11701 | D:12     | Found Bagisim's Armour Shoppe.
 11850 | D:12     | Bought a +3 chain mail of poison resistance for 423 gold
                  | pieces
 11944 | D:12     | Noticed a boulder beetle
 11971 | D:12     | Killed a boulder beetle
 12150 | D:12     | Noticed a deep elf pyromancer
 12159 | D:12     | Killed a deep elf pyromancer
 12811 | D:11     | Noticed Sonja
 12829 | D:11     | Killed Sonja
 12847 | D:11     | Reached skill level 15 in Maces & Flails
 13047 | D:11     | Paralysed by a hornet for 2 turns
 13516 | D:11     | Found a portal to a secret trove of treasure.
 13640 | Lair:1   | Entered Level 1 of the Lair of Beasts
 13640 | Lair:1   | Noticed Urug
 13659 | D:9      | Slain by Urug

Illustrated notes

Levels and vault maps discovered:
D:1:      kilobyte_arrival_exit_the_forest, layout_rooms
D:2:      minmay_chambers_of_twos, layout_basic, serial_shops,
          nicolae_shop_just_a_little_nook, nicolae_shop_advertising_works
          [nicolae_subvault_shop_adworks], nicolae_shop_just_a_little_nook,
          shop, shop, kennysheep_cross_room, minmay_misc_feat_alley,
          dreamdust_mushroom_princess
D:3:      layout_loops_ring, hellmonk_okawaru_the_only_friend_you_need,
          mainiacjoe_overflow_brackets, shapermc_ecumenical_altar_starsandcircs,
          uniq_jessica
D:4:      layout_cave_pods, mainiacjoe_overflow_concentric_impassable
D:5:      layout_layer_cave, minmay_temple_entry_from_below_a,
          biasface_ghost_orc_armoury, uniq_edmund, uniq_prince_ribbit1
D:6:      layout_basic, uniq_grinder
D:7:      layout_basic, nicolae_grassy_gnolls
D:8:      minmay_razor_zed, layout_loops_ring, uniq_erica
D:9:      layout_cave_pools, tgw_kikubaaqudgha, lair_entry_dummy
D:10:     layout_loops_ring, xom_teletrap_fun, enter_bailey_2
D:11:     layout_loops_ring, nicolae_trove_entry_columns, lemuel_nasty_fountain,
          uniq_sonja
D:12:     layout_basic, orc_david_3, nicolae_figureground_pulse
Lair:1:   layout_chaotic_city, gauntlet_entry_generic, st_stairs_13,
          lemuel_fruit_tree, infiniplex_staircase_pool, uniq_urug

Skill      XL: |  1  2  3  4  5  6  7  8  9 10 11 |
---------------+----------------------------------+-----
Maces & Flails | 3 4 5 6 7 8 9 11 13 15 | 15.2
Fighting       | 3 4 5 7 |  7.9
Evocations     | 3 5 |  5.0
Armour         | |  2.4
Dodging        | |  1.3

Action                     |  1- 3 |  4- 6 |  7- 9 | 10-12 || total
---------------------------+-------+-------+-------+-------++-------
  Melee: Mace              |    87 |   161 |       |       ||   248
         Tailslap          |    12 |    21 |    40 |    76 ||   149
         Whip              |       |    14 |   332 |   463 ||   809
 Invoke: Trog's Hand       |       |     1 |     1 |     1 ||     3
         Berserk           |       |       |     1 |     2 ||     3
  Evoke: Wand              |       |       |       |     8 ||     8
    Use: Potion            |       |     3 |       |       ||     3
   Stab: Sleeping          |     1 |       |       |       ||     1
 Armour: Animal skin       |    41 |    18 |       |       ||    59
         Leather armour    |       |    69 |    16 |       ||    85
         Ring mail         |       |       |   113 |   166 ||   279
         Chain mail        |       |       |       |    81 ||    81
  Dodge: Dodged            |    53 |   104 |   124 |   175 ||   456

Table legend: (Time is in decaauts)
 A = Elapsed time spent in this place.
 B = Non-inter-level travel time spent in this place.
 C = Inter-level travel time spent in this place.
 D = Time resting spent in this place.
 E = Time spent auto-exploring this place.
 F = Levels seen in this place.
 G = Mean time per level.
                   A        B        C        D        E       F      G
               +--------+--------+--------+--------+--------+-----+--------+
         Total |  13352 |  12508 |    844 |    433 |  10071 |  14 |  953.7 |
       Dungeon |  12990 |  12146 |    844 |    433 |   9784 |  12 | 1082.5 |
          Lair |      2 |      2 |      0 |      0 |      0 |   1 |    2.0 |
        Bailey |    360 |    360 |      0 |      0 |    287 |   1 |  360.0 |
               +--------+--------+--------+--------+--------+-----+--------+

Top non-repeatable levels by time:
    D:12: 1647 daAuts
     D:8: 1618 daAuts
     D:4: 1452 daAuts
     D:5: 1390 daAuts
     D:7: 1155 daAuts
     D:2: 1152 daAuts
     D:1: 832 daAuts
    D:11: 798 daAuts
     D:6: 795 daAuts
    D:10: 727 daAuts
     D:3: 711 daAuts
     D:9: 709 daAuts
  Bailey: 360 daAuts
  Lair:1: 2 daAuts
